 Dungeon Crawl Stone Soup version 0.27-a0-1416-g941b2bd30b (webtiles) character file.

Game seed: 11940962074203212809

2072 quinnr the Zephyrmancer (level 9, -7/47 HPs)
             Began as a Tengu Air Elementalist on July 2, 2021.
             Was a Follower of Vehumet.
             Mangled by a killer bee (9 damage)
             ... on level 6 of the Dungeon.
             The game lasted 00:25:20 (8019 turns).

quinnr the Zephyrmancer (Tengu Air Elementalist)    Turns: 8019, Time: 00:25:21

Health: -7/47      AC:  2    Str:  9    XL:     9   Next: 26%
Magic:  8/29       EV: 14    Int: 19    God:    Vehumet [*.....]
Gold:   280        SH:  0    Dex: 14    Spells: 12/22 levels left

rFire    . . .     SeeInvis .   w - +1 long sword (elec)
rCold    + . .     Faith    .   (no shield)
rNeg     . . .     Spirit   .   a - +0 robe
rPois    .         Reflect  .   (helmet restricted)
rElec    .         Harm     .   (no cloak)
rCorr    .         Rampage  .   (no gloves)
Will     .....                  (boots unavailable)
Stlth    ++........             (no amulet)
HPRegen  0.15/turn              v - ring of magical power
MPRegen  0.21/turn              p - ring of protection from cold

@: flying quickly and evasively, quick
A: beak, talons 3, nimble flight
a: Renounce Religion


You were on level 6 of the Dungeon.
You worshipped Vehumet.
Vehumet was aware of your devotion.
You visited 2 branches of the dungeon, and saw 7 of its levels.

You collected 280 gold pieces.

Inventory:

Hand Weapons
 e - a +1 whip of electrocution
 w - a +1 long sword of electrocution (weapon)
Armour
 a - a +0 robe (worn)
Jewellery
 p - a ring of protection from cold (right hand)
 v - a ring of magical power (left hand)
Wands
 q - a wand of iceblast (13)
Scrolls
 d - 3 scrolls of magic mapping {unknown}
 f - 4 scrolls of enchant weapon {unknown}
 g - a scroll of blinking
 k - a scroll of silence {unknown}
 o - a scroll of teleportation {unknown}
 r - a scroll of brand weapon {unknown}
 s - a scroll of amnesia {unknown}
 t - 2 scrolls of acquirement {unknown}
 u - a scroll of noise {unknown}
Potions
 c - 4 potions of degeneration
 h - a potion of heal wounds
 i - 2 potions of lignification
 j - 2 potions of brilliance
 l - a potion of cancellation
 m - a potion of haste


   Skills:
 - Level 1.0 Fighting
 - Level 2.1 Dodging
 - Level 2.0 Stealth
 + Level 7.1 Spellcasting
 - Level 3.1 Conjurations
 - Level 12.0 Air Magic


You had 12 spell levels left.
You knew the following spells:

 Your Spells              Type           Power      Damage    Failure   Level
a - Shock                 Conj/Air       100%       1d9       1%          1
b - Airstrike             Air            25%        N/A       1%          4
c - Lightning Bolt        Conj/Air       17%        1d32      12%         5

Your spell library contained the following spells:

 Spells                   Type           Power      Damage    Failure   Level
 Sandblast                Erth           12%        2d6       10%         1
 Static Discharge         Conj/Air       35%        N/A       1%          2
 Swiftness                Air            51%        N/A       1%          3
 Gell's Gravitas          Tloc           3%         N/A       30%         3
 Teleport Other           Tloc           6%         N/A       30%         3
 Dispersal                Tloc           3%         N/A       100%        6


Dungeon Overview and Level Annotations

Branches:
Dungeon (6/15)             Temple (1/1) D:4

Altars:
Ashenzari
Cheibriados
Dithmenos
Elyvilon
Fedhas
Gozag
Hepliaklqana
Kikubaaqudgha
Makhleb
Nemelex Xobeh
Okawaru
Qazlal
Ru
Trog
Uskayaw
Vehumet
Wu Jian
Xom
Yredelemnul
Zin
The Shining One

Annotations:
D:6 2 transporters, RBrandon's ghost, novice DsTm


Innate Abilities, Weirdness & Mutations

You have a beak for a mouth.
You have claws for feet.
Your magical nature lets you fly swiftly and evasively.


Message History

Okay, then.
Casting: Airstrike (dangerous; 1% risk of failure)
Confirm with . or Enter, or press ? or * to list all spells.
Okay, then.
Casting: Airstrike (dangerous; 1% risk of failure)
Confirm with . or Enter, or press ? or * to list all spells.
Aiming: Airstrike (dangerous; 1% risk of failure)
Press: ? - help, Dir - move target, f/p - killer bee
Aim: a killer bee (heavily wounded)
The air twists around and strikes the killer bee!
The killer bee is almost dead.
You feel very sick.
The killer bee stings you but does no damage.
The killer bee stings you!
* * * LOW HITPOINT WARNING * * *
The killer bee misses you.
You riposte.
You barely miss the killer bee. Your kick misses the killer bee.
The killer bee is almost dead.
The killer bee closely misses you.
You riposte.
You closely miss the killer bee. Your kick misses the killer bee.
You peck the killer bee.
The killer bee is lightly wounded.
Unknown command.
You feel better. The killer bee stings you. The killer bee stings you!
* * * LOW HITPOINT WARNING * * *
The killer bee closely misses you.
The killer bee stings you but does no damage.
Unknown command.
Casting: Airstrike (dangerous; 1% risk of failure)
Confirm with . or Enter, or press ? or * to list all spells.
Aiming: Airstrike (dangerous; 1% risk of failure)
Press: ? - help, Dir - move target, f/p - killer bee
Aim: a killer bee (almost dead)
The air twists around and strikes the killer bee!
You kill the killer bee!
Vehumet accepts your kill.
You feel your power returning. The killer bee stings you!
* * * LOW HITPOINT WARNING * * *
The killer bee stings you!
You die...

#.## ##..# ##
##...# ...
#....# ....
##....## .....
##......#......
#......Y..#
######..##.####
#........@y#
##..♣♣♣....##
#).♣# #♣.#.#
##..♣ ♣.....
#...♣# ♣.......
#....♣♣♣........
##
##..............
..#
##.#...........
...###..#..##...


You could see an ice beast and a killer bee.

Vanquished Creatures
  Grinder (D:5)
  An ice beast (D:5)
  2 black bears
  A necrophage (D:4)
  2 sky beasts
  5 ogres
  A centaur (D:5)
  A scorpion (D:5)
  A water moccasin zombie (D:5)
  3 wights
  3 killer bees (D:6)
  A water moccasin skeleton (D:6)
  A howler monkey (D:6)
  3 hounds (D:6)
  A jelly (D:6)
  2 centaur skeletons
  An iguana (D:5)
  A hound skeleton (D:4)
  3 gnolls (D:2)
  2 howler monkey skeletons
  3 adders (D:4)
  3 ufetubi
  2 adder skeletons (D:4)
  A worm (D:2)
  3 dart slugs
  13 orcs
  5 ball pythons
  15 bats
  5 endoplasms
  3 giant cockroaches
  15 goblins
  8 hobgoblins
  7 kobolds
  6 quokkas
  7 frilled lizards
  11 rats
143 creatures vanquished.

Vanquished Creatures (others)
  18 fungi (D:1)
18 creatures vanquished.

Grand Total: 161 creatures vanquished

Notes
Turn   | Place    | Note
-------+----------+-------------------------------------------
     0 | D:1      | quinnr the Tengu Air Elementalist began the quest for the
                  | Orb.
     0 | D:1      | Reached XP level 1. HP: 10/10 MP: 4/4
   195 | D:1      | Reached XP level 2. HP: 15/15 MP: 4/6
   197 | D:1      | quinnr: !lg * won TeAE -log
   197 | D:1      | beem: 459. wineyard, XL27 TeAE, T:111075:
                  | https://crawl.xtahua.com/crawl/morgue/wineyard/morgue-winey
                  | ard-20210630-121747.txt
   197 | D:1      | quinnr: !lg * won TeAE -log -2
   197 | D:1      | beem: 458/459. Truedra, XL27 TeAE, T:109805:
                  | https://webzook.net/soup/morgue/trunk/Truedra/morgue-Truedr
                  | a-20210629-152019.txt
   616 | D:1      | Reached skill level 5 in Air Magic
   643 | D:1      | Reached XP level 3. HP: 19/19 MP: 3/7
  1653 | D:2      | Reached skill level 6 in Air Magic
  1653 | D:2      | Reached XP level 4. HP: 24/24 MP: 3/8
  1840 | D:2      | Learned a level 4 spell: Airstrike
  2850 | D:3      | Reached skill level 7 in Air Magic
  2850 | D:3      | Gained mutation: Your magical nature lets you fly swiftly
                  | and evasively. [Tengu growth]
  2850 | D:3      | Reached XP level 5. HP: 28/28 MP: 6/9
  3633 | D:4      | Noticed a necrophage
  3642 | D:4      | Killed a necrophage
  3643 | D:4      | Reached skill level 8 in Air Magic
  3795 | D:4      | Reached XP level 6. HP: 32/32 MP: 2/10
  4032 | D:4      | Found a staircase to the Ecumenical Temple.
  4037 | Temple   | Entered the Ecumenical Temple
  4099 | Temple   | Became a worshipper of Vehumet
  4520 | D:4      | Reached skill level 9 in Air Magic
  4768 | D:4      | Noticed a black bear
  4783 | D:4      | Killed a black bear
  4784 | D:4      | Reached XP level 7. HP: 29/36 MP: 0/11
  4818 | D:4      | Reached skill level 10 in Air Magic
  5359 | D:4      | Learned a level 5 spell: Lightning Bolt
  5519 | D:5      | Entered Level 5 of the Dungeon
  5520 | D:5      | Reached * piety under Vehumet
  5520 | D:5      | Offered knowledge of Sandblast by Vehumet.
  6329 | D:5      | Noticed Grinder
  6332 | D:5      | Killed Grinder
  6333 | D:5      | Reached skill level 11 in Air Magic
  6333 | D:5      | Reached XP level 8. HP: 41/41 MP: 12/12
  6346 | D:5      | Reached skill level 1 in Fighting
  6657 | D:5      | Reached skill level 12 in Air Magic
  7548 | D:6      | Reached skill level 5 in Spellcasting
  7685 | D:6      | Reached XP level 9. HP: 47/47 MP: 13/19
  7865 | D:6      | Noticed RBrandon's ghost (novice DsTm)
  7865 | D:6      | Identified the +10 great mace of Havoc {protect, rCorr
                  | Str+4}
  7865 | D:6      | Noticed a two-headed ogre
  7867 | D:6      | Found a transporter.
  7914 | D:6      | Found a transporter.
  8019 | D:6      | HP: 2/47 [killer bee (7)]
  8019 | D:6      | Mangled by a killer bee

Illustrated notes

Levels and vault maps discovered:
D:1:      scummos_arrival_checkerplants, layout_rooms
D:2:      layout_basic, interstate_on_off, nicolae_underground_beach
D:3:      layout_basic, wad_orctagon
D:4:      layout_basic, minmay_temple_entry_glassed_door, roderic_batcave,
          minmay_ogre_servants
D:5:      layout_loops_ring, uniq_grinder
D:6:      layout_cave_pools, gammafunk_ghost_smash, minmay_stone_trees_small,
          minmay_checkerbox, uniq_eustachio
Temple:   compressed_dpeg_triangle_lava_temple

Skill      XL: |  1  2  3  4  5  6  7  8  9 |
---------------+----------------------------+-----
Conjurations   | 2 3 |  3.1
Air Magic      | 5 6 7 8 9 11 12 | 12.0
Fighting       | 1 |  1.0
Spellcasting   | 6 7 |  7.1
Dodging        | |  2.1
Stealth        | |  2.0

Action                   |  1- 3 |  4- 6 |  7- 9 || total
-------------------------+-------+-------+-------++-------
Melee: Unarmed           |    15 |       |       ||    15
       Peck              |     3 |       |     6 ||     9
       Kick              |     3 |     3 |     7 ||    13
       Whip              |     2 |    19 |    22 ||    43
       Long sword        |       |       |     1 ||     1
 Cast: Shock             |    84 |    59 |    24 ||   167
       Airstrike         |       |    13 |    58 ||    71
Evoke: Wand              |       |       |     4 ||     4
  Use: Scroll            |       |     6 |     2 ||     8
       Potion            |       |       |     1 ||     1
Armor: Robe              |     8 |     5 |     7 ||    20
Dodge: Dodged            |    35 |    21 |    50 ||   106
       Rpst.: Long sword |       |       |     2 ||     2

Table legend: (Time is in decaauts)
 A = Elapsed time spent in this place.
 B = Non-inter-level travel time spent in this place.
 C = Inter-level travel time spent in this place.
 D = Time resting spent in this place.
 E = Time spent auto-exploring this place.
 F = Levels seen in this place.
 G = Mean time per level.
                   A        B        C        D        E       F      G
               +--------+--------+--------+--------+--------+-----+--------+
         Total |   7772 |   7405 |    367 |   1528 |   5085 |   7 | 1110.3 |
       Dungeon |   7506 |   7177 |    329 |   1528 |   4858 |   6 | 1251.0 |
        Temple |    266 |    229 |     37 |      0 |    226 |   1 |  266.0 |
               +--------+--------+--------+--------+--------+-----+--------+

Top non-repeatable levels by time:
     D:4: 2137 daAuts
     D:1: 1295 daAuts
     D:3: 1274 daAuts
     D:5: 1158 daAuts
     D:2: 1086 daAuts
     D:6: 555 daAuts
  Temple: 266 daAuts
